 Dungeon Crawl Stone Soup version 0.30-a0-304-gdc4b735fe1 (webtiles) character file.

Game seed: 17405880052467177704

39342 garrulousMonolith the Cleaver (level 13, -1/101 HPs)
             Began as a Demonspawn Berserker on Oct 21, 2022.
             Was a High Priest of Trog.
             Slain by a polar bear (9 damage)
             ... on level 5 of the Lair of Beasts.
             The game lasted 00:22:30 (16989 turns).

garrulousMonolith the Cleaver (DsBe)               Turns: 16989, Time: 00:22:31

Health: -1/101     AC: 26    Str: 18    XL:     13   Next: 68%
Magic:  13/13      EV:  8    Int:  9    God:    Trog [*****.]
Gold:   962        SH: 17    Dex: 17    Spells: 12/12 levels left

rFire   + + .      SeeInvis .    b - +2 demon whip (venom)
rCold   . . .      Faith    +    f - +2 kite shield {rPois}
rNeg    + . .      Spirit   .    j - +0 plate armour
rPois   +          Reflect  .    (helmet unavailable)
rElec   .          Harm     .    y - +2 cloak {rF+}
rCorr   .          Rampage  +    L - +2 pair of gloves
Will    ++...                    e - +1 pair of boots {rampage}
Stlth   ..........               m - amulet "Nurol" {Faith rN+}
HPRegen 1.36/turn                B - +4 ring of protection
MPRegen 0.13/turn                Q - ring of protection from fire

@: strong-willed (expiring), regenerating (expiring)
A: horns 3, spiny 3, condensation shield
a: Renounce Religion, Berserk, Trog's Hand, Brothers in Arms


You were on level 5 of the Lair of Beasts.
You worshipped Trog.
Trog was extremely pleased with you.
You visited 3 branches of the dungeon, and saw 17 of its levels.
You also visited: Volcano.

You collected 1172 gold pieces.
You spent 210 gold pieces at shops.

Inventory:

Hand Weapons
 a - a +0 broad axe of flaming
 b - a +2 demon whip of venom (weapon)
 h - a +3 demon trident
 t - a +2 vorpal sling
Missiles
 x - 14 poisoned darts (quivered)
 E - a throwing net
Armour
 e - a +1 pair of boots of rampaging (worn)
 f - a +2 kite shield of poison resistance (worn)
 j - a +0 plate armour (worn)
 l - a +0 chain mail of fire resistance
 u - a scarf of invisibility
 y - a +2 cloak of fire resistance (worn)
 L - a +2 pair of gloves (worn)
Jewellery
 i - a ring of poison resistance
 m - the amulet "Nurol" (around neck) {Faith rN+}
   (You acquired it on level 1 of the Dungeon)

   [amulet of faith]

   It allows you to gain divine favour quickly.
   rN:        It protects you from negative energy.
 q - an amulet of reflection
 w - a +6 ring of intelligence
 B - a +4 ring of protection (left hand)
 I - a ring of fire
 N - a +6 ring of dexterity
 P - a +6 ring of strength
 Q - a ring of protection from fire (right hand)
 R - an amulet of regeneration
 V - a ring of see invisible
Wands
 z - a wand of roots (26)
 C - a wand of flame (5)
 D - a wand of mindburst (8)
 G - a wand of digging (4)
 H - a wand of paralysis (3)
 J - a wand of polymorph (24)
 M - a wand of acid (4)
Scrolls
 k - 3 scrolls of poison
 p - 2 scrolls of butterflies
 r - a scroll of fear
 s - 11 scrolls of teleportation
 v - 7 scrolls of identify
 S - 2 scrolls of immolation
Potions
 c - 5 potions of magic
 d - 3 potions of lignification
 g - 6 potions of might
 n - 6 potions of mutation
 o - 4 potions of curing
 A - 3 potions of attraction
 F - 6 potions of flight
 K - a potion of ambrosia
 O - 2 potions of haste
 U - a potion of invisibility


   Skills:
 + Level 9.5 Fighting
 * Level 12.0 Axes
 + Level 8.4 Armour
 + Level 8.5 Dodging
 - Level 6.0 Stealth
 + Level 8.0 Shields
 + Level 8.7 Evocations


You had 12 spell levels left.
You didn't know any spells.
Your spell library was empty.

Dungeon Overview and Level Annotations

Branches:
Dungeon (11/15)            Temple (1/1) D:5            Lair (5/5) D:11
  Swamp (0/4) Lair:2        Snake (0/4) Lair:3        Slime (0/5) Lair:5
Volcano (visited)
    Orc: D:9-12

Altars:
Ashenzari
Cheibriados
Dithmenos
Fedhas
Gozag
Hepliaklqana
Kikubaaqudgha
Makhleb
Nemelex Xobeh
Okawaru
Qazlal
Ru
Sif Muna
Trog
Vehumet
Wu Jian
Xom
Yredelemnul

Shops:
D:9 *   D:10 *

Annotations:
D:4 2 transporters
D:8 4 runed translucent doors
D:9 2 runed translucent doors
Lair:2 1 runed translucent door, hikkokomori's ghost, journeyman SpEn
Lair:3 2 transporters


Innate Abilities, Weirdness & Mutations

You have a pair of large horns on your head.
You are completely covered in sharp spines.
A meltable shield of frost defends you. (SH +4)


Message History

You block the spriggan rider's attack.
You barely miss the spriggan rider. You block the spriggan's attack.
The spriggan rider blocks your attack.
The spriggan rider hits you with a +0 spear!!
* * * LOW HITPOINT WARNING * * *
You block the spriggan's attack.
You whack the spriggan rider!
The spriggan rider is poisoned.
You headbutt the spriggan rider!
The spriggan rider is moderately wounded.
A wolf comes into view.
You block the spriggan rider's attack.
The polar bear is struck by your spines.
The polar bear closely misses you.
The polar bear claws you but does no damage. x2
The spriggan is struck by your spines.
You kill the spriggan!
Trog accepts your kill.
Your Axes skill increases to level 12!
You hit the spriggan rider.
The spriggan rider looks as sick as possible!
The spriggan rider is heavily wounded.
The spriggan rider hits you with a +0 spear!
* * * LOW HITPOINT WARNING * * *
The polar bear is struck by your spines.
The polar bear bites you but does no damage.
You block the polar bear's attack. The polar bear closely misses you.
You hit the polar bear but do no damage.
The polar bear is poisoned.
The polar bear is lightly wounded.
The spriggan rider hits you but does no damage.
You block the polar bear's attack.
The polar bear claws you but does no damage.
You block the polar bear's attack.
Your ogre goes berserk!
You feel the effects of Trog's Hand fading.
You kill the spriggan!
Trog accepts your kill.
The polar bear is struck by your spines.
The polar bear bites you!
You die...

##....#........♣
#..............♣
PP.............♣
...............♣
..............♣♣
P....##.......♣♣♣
########.......)♣♣
.♣ ###......)♣♣..♣
#P...♣†@yh.♣
###.♣♣♣Oh..♣ ##♣
♣♣♣♣..♣ ...♣ ♣.. ♣


You could see a polar bear (poisoned), a hornet (extremely poisoned, ally
target), a wolf and a friendly ogre (summoned, berserk).

Vanquished Creatures
  Josephine (D:10)
  2 hydras (Lair:2)
  A catoblepas (Lair:5)
  2 two-headed ogres
  2 boulder beetles
  Urug (Lair:1)
  A salamander mystic (Volcano)
  A wizard (Volcano)
  An orc knight (Volcano)
  A manticore (D:11)
  A deep elf pyromancer (Volcano)
  6 cyclopes
  3 salamanders (Volcano)
  4 black mambas
  8 cane toads
  A molten gargoyle (Volcano)
  3 gargoyles (Volcano)
  2 rime drakes
  10 komodo dragons
  A polar bear (Lair:3)
  3 hornets (Lair:5)
  2 tyrant leeches (Lair:2)
  3 spriggans (Lair:5)
  6 wraiths
  A shadow (D:11)
  A vampire (D:10)
  7 wyverns
  44 yaks
  5 basilisks
  2 vampire mosquitoes (D:10)
  3 swamp worms (Lair:2)
  4 nagas (Lair:3)
  9 water moccasins
  2 orc warriors
  An ice beast (D:6)
  A sky beast (D:7)
  A black bear (D:6)
  9 wolves
  2 ogres
  11 centaurs
  2 phantoms
  A necrophage (D:6)
  10 bullfrogs
  3 scorpions
  3 wights (D:9)
  27 killer bees
  9 electric eels
  5 howler monkeys
  A gnoll bouda (D:8)
  A jelly (D:5)
  5 hounds
  3 orc priests
  Ijyb (D:4)
  4 hell rats (D:7)
  3 iguanas
  5 orc wizards
  Natasha (thrice) (D:2)
  9 gnolls
  8 adders
  6 river rats (D:7)
  2 shadow imps
  A white imp (D:6)
  2 worms (D:2)
  5 dart slugs
  22 orcs
  5 ball pythons
  6 endoplasms
  A giant cockroach (D:1)
  10 goblins
  5 hobgoblins
  4 jackals (D:1)
  8 kobolds
  10 quokkas
  6 bats
  5 frilled lizards
  23 rats
393 creatures vanquished.

Vanquished Creatures (collateral kills)
  A rakshasa (D:11)
  2 two-headed ogres
  Grum (D:8)
  A wolf (D:8)
5 creatures vanquished.

Vanquished Creatures (others)
  A vampire (D:10)
  17 fungi
  54 plants
72 creatures vanquished.

Grand Total: 470 creatures vanquished

Notes
Turn   | Place    | Note
-------+----------+-------------------------------------------
     0 | D:1      | garrulousMonolith the Demonspawn Berserker began the quest
                  | for the Orb.
     0 | D:1      | Reached XP level 1. HP: 18/18 MP: 1/1
    30 | D:1      | Gained mutation: A meltable shield of frost defends you.
                  | (SH +4) [demonic ancestry]
    30 | D:1      | Reached XP level 2. HP: 4/24 MP: 2/2
   224 | D:1      | Reached skill level 3 in Axes
   386 | D:1      | Reached XP level 3. HP: 29/29 MP: 3/3
   526 | D:1      | Reached skill level 1 in Stealth
   773 | D:1      | Identified 2 scrolls of acquirement
   773 | D:1      | Acquired the amulet "Nurol" {Faith rN+}
   775 | D:1      | Acquired a +1 kite shield of poison resistance
  1228 | D:2      | Gained mutation: You are partially covered in sharp spines.
                  | [demonic ancestry]
  1228 | D:2      | Reached XP level 4. HP: 5/35 MP: 4/4
  1385 | D:2      | Noticed Natasha
  1389 | D:2      | Killed Natasha
  1389 | D:2      | Reached ** piety under Trog
  1572 | D:2      | Noticed Natasha
  1578 | D:2      | Killed Natasha
  1579 | D:2      | Reached skill level 1 in Shields
  1579 | D:2      | Gained mutation: You are mostly covered in sharp spines.
                  | [demonic ancestry]
  1579 | D:2      | Reached XP level 5. HP: 40/41 MP: 5/5
  1651 | D:2      | Noticed Natasha
  1657 | D:2      | Killed Natasha
  2691 | D:4      | Reached skill level 4 in Axes
  2721 | D:4      | Noticed a centaur
  2729 | D:4      | Found a basalt altar of Yredelemnul.
  2894 | D:4      | Gained mutation: You have a pair of small horns on your
                  | head. [demonic ancestry]
  2894 | D:4      | Reached XP level 6. HP: 48/48 MP: 6/6
  2900 | D:4      | Reached skill level 1 in Evocations
  2904 | D:4      | Found a transporter.
  2937 | D:4      | Noticed Ijyb
  2947 | D:4      | Killed Ijyb
  3132 | D:4      | Found a transporter.
  3172 | D:4      | Gained mutation: You have a pair of horns on your head.
                  | [demonic ancestry]
  3172 | D:4      | Reached XP level 7. HP: 48/54 MP: 7/7
  3172 | D:4      | Reached *** piety under Trog
  3309 | D:5      | Entered Level 5 of the Dungeon
  4072 | D:5      | Found a staircase to the Ecumenical Temple.
  4081 | Temple   | Entered the Ecumenical Temple
  4387 | D:6      | Reached skill level 5 in Axes
  4421 | D:6      | Reached XP level 8. HP: 61/61 MP: 8/8
  4749 | D:6      | Found a radiant altar of Vehumet.
  4749 | D:6      | Found a shadowy altar of Dithmenos.
  5159 | D:6      | Reached skill level 5 in Fighting
  5193 | D:7      | Reached skill level 6 in Axes
  5345 | D:7      | Gained mutation: You are completely covered in sharp
                  | spines. [demonic ancestry]
  5345 | D:7      | Reached XP level 9. HP: 47/68 MP: 9/9
  5346 | D:7      | Reached **** piety under Trog
  5743 | D:7      | Reached ***** piety under Trog
  6851 | D:8      | Found a blossoming altar of Fedhas.
  6900 | D:8      | Found a shimmering altar of Xom.
  6953 | D:8      | Found a huge runed translucent gate.
  6953 | D:8      | Found a huge runed translucent gate.
  6953 | D:8      | Found a huge runed translucent gate.
  6953 | D:8      | Found a huge runed translucent gate.
  6953 | D:8      | Noticed a manticore
  6953 | D:8      | Noticed a polar bear
  6953 | D:8      | Noticed a polar bear
  6954 | D:8      | Noticed a polar bear
  6954 | D:8      | Noticed a polar bear
  6954 | D:8      | Noticed a polar bear
  6997 | D:8      | Noticed Grum
  6998 | D:8      | Noticed a two-headed ogre
  7010 | D:8      | Reached skill level 7 in Axes
  7013 | D:8      | Killed a two-headed ogre
  7014 | D:8      | Reached skill level 5 in Dodging
  7014 | D:8      | Reached skill level 5 in Stealth
  7014 | D:8      | Reached XP level 10. HP: 29/76 MP: 10/10
  7014 | D:8      | Killed Grum
  7213 | D:8      | Reached skill level 5 in Armour
  7616 | D:9      | Found an ancient bone altar of Kikubaaqudgha.
  7676 | D:9      | Reached skill level 5 in Evocations
  7820 | D:9      | Found a large runed translucent door.
  7821 | D:9      | Found a large runed translucent door.
  7825 | D:9      | Reached skill level 8 in Axes
  8099 | D:9      | Found Kytedghiec's Assorted Antiques.
  8109 | D:9      | Bought a potion of curing for 78 gold pieces
  8182 | D:9      | Reached skill level 5 in Shields
  8784 | D:10     | Entered Level 10 of the Dungeon
  8822 | D:10     | Found Ceptopt's General Store.
  8831 | D:10     | Bought a +1 hat for 132 gold pieces
  8896 | D:10     | Noticed Josephine
  8905 | D:10     | Killed Josephine
  8906 | D:10     | Gained mutation: You have a pair of large horns on your
                  | head. [demonic ancestry]
  8906 | D:10     | Reached XP level 11. HP: 42/83 MP: 11/11
  9098 | D:10     | HP: 1/84 [electric eel/bolt of electricity (5)]
  9372 | D:10     | Noticed a two-headed ogre
  9376 | D:10     | Killed a two-headed ogre
 10068 | D:11     | Noticed a rakshasa
 10068 | D:11     | Noticed a two-headed ogre
 10125 | D:11     | Noticed a boulder beetle
 10158 | D:11     | Killed a boulder beetle
 10159 | D:11     | Reached skill level 9 in Axes
 10215 | D:11     | Killed a rakshasa
 10232 | D:11     | Killed a two-headed ogre
 10678 | D:11     | Noticed a two-headed ogre
 10688 | D:11     | Killed a two-headed ogre
 10736 | D:11     | Found a staircase to the Lair.
 10913 | D:11     | Reached XP level 12. HP: 92/92 MP: 12/12
 10949 | Lair:1   | Entered Level 1 of the Lair of Beasts
 10959 | Lair:1   | Noticed Urug
 10977 | Lair:1   | Killed Urug
 10978 | Lair:1   | Reached skill level 10 in Axes
 11926 | Lair:1   | Found a transporter.
 11926 | Lair:1   | Found a transporter.
 11926 | Lair:1   | Noticed a boulder beetle
 12353 | Lair:1   | Killed a boulder beetle
 12793 | Lair:2   | Found a runed translucent door.
 12801 | Lair:2   | Noticed hikkokomori's ghost (journeyman SpEn)
 13272 | Lair:2   | Found a staircase to the Swamp.
 13324 | Lair:2   | Noticed an eight-headed hydra
 13337 | Lair:2   | Killed an eight-headed hydra
 13345 | Lair:2   | Noticed a five-headed hydra
 13487 | Lair:2   | Killed a five-headed hydra
 13488 | Lair:2   | Reached skill level 11 in Axes
 13624 | Lair:3   | Found a transporter.
 13676 | Lair:3   | Found a transporter.
 13856 | Lair:3   | Found a staircase to the Snake Pit.
 13983 | Lair:3   | Reached XP level 13. HP: 96/100 MP: 13/13
 14185 | Lair:3   | Received a gift from Trog
 14845 | Lair:4   | You fall into a shaft and drop 1 floor!
 14845 | Lair:5   | Entered Level 5 of the Lair of Beasts
 15000 | Lair:5   | Found a staircase to the Slime Pits.
 15107 | Lair:4   | Found a dark tunnel.
 15116 | Volcano  | Entered a volcano
 15488 | Volcano  | Noticed an orb of fire
 15516 | Volcano  | Noticed an orb of fire
 16562 | Lair:4   | Found a shimmering altar of Xom.
 16987 | Lair:5   | Reached skill level 12 in Axes
 16987 | Lair:5   | HP: 5/101 [spriggan rider/+0 spear (12)]
 16989 | Lair:5   | Slain by a polar bear

Illustrated notes

Levels and vault maps discovered:
D:1:      elethiomel_arrival_quiet, layout_basic
D:2:      layout_basic, amcnicky_mini_corridor_feature, chequers_big_river,
          minmay_hexomino_c4, uniq_natasha
D:3:      layout_loops_cross, kennysheep_potato
D:4:      gammafunk_cloud_chamber, layout_cave_pools,
          mainiacjoe_overflow_alcove_4, uniq_ijyb
D:5:      layout_basic, minmay_temple_entry_poolview, kennysheep_small_spiral
D:6:      layout_rooms, nicolae_overflow_hidden_temple, jmf_multi_god_temple,
          chequers_serial_rivers_micro_e, roderic_lattice_a
D:7:      lemuel_ratsnest, layout_gridville
D:8:      lemuel_bear_cage, layout_basic, grunt_temple_overflow_diamond,
          uniq_grum
D:9:      layout_basic, kiku_gazebo_pond_becter, jmf_multi_god_temple2,
          serial_shops, nicolae_shop_temple_entry_statues_fountains,
          minmay_misc_feat_tiny
D:10:     layout_basic, serial_shops, shop, dreamdust_wishing_well,
          uniq_josephine
D:11:     layout_loops_ring, lair_entry_dummy
Temple:   nicolae_temple_bog_church
Lair:1:   gammafunk_boulding_lane, layout_cave_pods, uniq_urug
Lair:2:   layout_loops_ring, palyth_hydra_swamp_entry,
          ebering_ghost_reflecting_pool, grunt_megastairs_5, lemuel_fruit_fields
Lair:3:   gammafunk_worm_tunnel, layout_cave_shapes,
          minmay_snake_entry_guardpost_small, serial_bayou,
          serial_bayou_lagoon_a, serial_bayou_crossing, serial_bayou_lake_a,
          serial_bayou_lagoon_b
Lair:4:   layout_loops_ring, nicolae_volcano_entry_two_sided, basic_altar
Lair:5:   minmay_lair_end_enchanted_forest, layout_gridlike, slime_entry_1,
          lemuel_fruit_tree, lemuel_fruit_fields

Skill      XL: |  1  2  3  4  5  6  7  8  9 10 11 12 13 |
---------------+----------------------------------------+-----
Dodging        | 2 3 4 5 6 7 8 |  8.5
Axes           | 3 4 5 6 7 8 9 11 12 | 12.0
Armour         | 2 3 4 5 6 7 8 |  8.4
Stealth        | 1 2 3 4 5 6 |  6.0
Shields        | 1 2 3 4 5 6 7 8 |  8.0
Evocations     | 1 2 3 4 5 6 7 8 |  8.7
Fighting       | 4 5 6 7 8 9 |  9.5

Action                   |  1- 3 |  4- 6 |  7- 9 | 10-12 | 13-15 || total
-------------------------+-------+-------+-------+-------+-------++-------
Melee: Hand axe          |   131 |    61 |       |       |       ||   192
       Punch             |     1 |       |       |       |       ||     1
       War axe           |       |    14 |       |       |       ||    14
       Scimitar          |       |    26 |    25 |       |       ||    51
       Headbutt          |       |     5 |    49 |   160 |    73 ||   287
       Demon whip        |       |       |   214 |   497 |   180 ||   891
       Broad axe         |       |       |       |    26 |    68 ||    94
Throw: Dart              |       |       |       |     1 |       ||     1
Invok: Berserk           |     3 |       |     1 |     4 |     3 ||    11
       Trog's Hand       |       |     1 |     3 |    10 |     7 ||    21
       Brothers in Arms  |       |       |     1 |     1 |     2 ||     4
Evoke: Wand              |       |       |       |    16 |     3 ||    19
  Use: Scroll            |     2 |       |    14 |    14 |     3 ||    33
       Potion            |       |       |       |     7 |     4 ||    11
 Stab: Sleeping          |       |       |     2 |       |       ||     2
       Paralysed         |       |       |       |     9 |       ||     9
       Petrified         |       |       |       |       |     5 ||     5
Armor: Animal skin       |    17 |       |       |       |       ||    17
       Scale mail        |    26 |    29 |    62 |       |       ||   117
       Plate armour      |       |       |    11 |   189 |   103 ||   303
Dodge: Dodged            |    73 |    26 |    80 |    80 |    53 ||   312
Block: Other             |    19 |       |       |       |       ||    19
       Kite shield       |    34 |    86 |   252 |   448 |   183 ||  1003

Table legend: (Time is in decaauts)
 A = Elapsed time spent in this place.
 B = Non-inter-level travel time spent in this place.
 C = Inter-level travel time spent in this place.
 D = Time resting spent in this place.
 E = Time spent auto-exploring this place.
 F = Levels seen in this place.
 G = Mean time per level.
                   A        B        C        D        E       F      G
               +--------+--------+--------+--------+--------+-----+--------+
         Total |  17336 |  16861 |    475 |   2254 |  11688 |  18 |  963.1 |
       Dungeon |  10988 |  10729 |    259 |   1550 |   7323 |  11 |  998.9 |
        Temple |    188 |    167 |     21 |      0 |    156 |   1 |  188.0 |
          Lair |   5304 |   5110 |    194 |    309 |   3958 |   5 | 1060.8 |
       Volcano |    856 |    856 |      0 |    394 |    250 |   1 |  856.0 |
               +--------+--------+--------+--------+--------+-----+--------+

Top non-repeatable levels by time:
  Lair:1: 1456 daAuts
    D:10: 1376 daAuts
     D:9: 1306 daAuts
  Lair:3: 1297 daAuts
  Lair:2: 1227 daAuts
     D:7: 1213 daAuts
     D:2: 1209 daAuts
     D:8: 1159 daAuts
  Lair:4: 1022 daAuts
 Volcano: 856 daAuts
     D:6: 848 daAuts
     D:1: 838 daAuts
    D:11: 820 daAuts
     D:5: 810 daAuts
     D:3: 727 daAuts
